SKY
CLEVELAND INDIANS @ NEW YORK METS
08/23/2051
 
TOP OF THE 1ST
Cleveland Indians batting - Pitching for New York Mets : RHP Georgie Lang
Pitching: RHP Georgie Lang
Batting: RHB Chia-Wei Ni 0-0: Foul Ball, location: 7LDF
0-1: Ball
1-1: Ball
2-1: Foul Ball, location: 2F
2-2: Foul Ball, location: 23F
2-2: Strikes out looking
Batting: LHB Jonathan DeMarino 0-0: Ball
1-0: Called Strike
1-1: Ball
2-1: Ball
3-1: Fly out, F7 (Flyball, 7, EV 78.1 MPH)
Batting: LHB Harrison Waite 0-0: Swinging Strike
0-1: Ball
1-1: Called Strike
1-2: Strikes out swinging
Top of the 1st over - 0 runs, 0 hits, 0 errors, 0 left on base; Cleveland 0 - New York 0
BOTTOM OF THE 1ST
New York Mets batting - Pitching for Cleveland Indians : RHP Rick Van Hemert
Pitching: RHP Rick Van Hemert
Batting: LHB Elih Zelaya 0-0: Swinging Strike
0-1: Foul Ball, location: 3FF
0-2: Ball
1-2: Fly out, F8 (Flyball, 8RD, EV 81.9 MPH)
Batting: RHB Jonathan Mitchell 0-0: Ball
1-0: Ball
2-0: Called Strike
2-1: Foul Ball, location: 23F
2-2: Strikes out looking
Batting: SHB Cristopher Betancourt 0-0: Foul Ball, location: 7LMF
0-1: Ball
1-1: Ball
2-1: Ball
3-1: Foul Ball, location: 25F
3-2: Base on Balls
Batting: SHB Emmanuel González 0-0: Swinging Strike
0-1: Called Strike
0-2: Foul Ball, location: 23F
0-2: Ball
1-2: Ball
2-2: Ball
3-2: Base on Balls
Cristopher Betancourt to second
Batting: LHB Daryl Henderson 0-0: Ball
1-0: Ground out U3 (Groundball, 3, EV 81.9 MPH)
Bottom of the 1st over - 0 runs, 0 hits, 0 errors, 2 left on base; Cleveland 0 - New York 0
TOP OF THE 2ND
Cleveland Indians batting - Pitching for New York Mets : RHP Georgie Lang
Batting: LHB Anibal Gaines 0-0: Foul Ball, location: 23FF
0-1: Ball
1-1: Swinging Strike
1-2: Strikes out swinging
Batting: LHB Reuben Brellana 0-0: Ball
1-0: Ball
2-0: Ground out 5-3 (Groundball, 56, EV 86.9 MPH)
Batting: RHB Antony Olguin 0-0: Foul Ball, location: 3F
0-1: Fly out, F9 (Flyball, 89S, EV 92.5 MPH)
Top of the 2nd over - 0 runs, 0 hits, 0 errors, 0 left on base; Cleveland 0 - New York 0
BOTTOM OF THE 2ND
New York Mets batting - Pitching for Cleveland Indians : RHP Rick Van Hemert
Batting: RHB Javin Hall 0-0: Ball
1-0: Foul Ball, location: 3F
1-1: Called Strike
1-2: Foul Ball, location: 9LSF
1-2: Ground out 2-3 (Groundball, 15S, EV 67.5 MPH)
Batting: RHB Jeremy Zimmerman 0-0: Ball
1-0: Called Strike
1-1: Foul Ball, location: 3FF
1-2: Strikes out swinging
Batting: RHB Gael Rumley 0-0: Called Strike
0-1: Called Strike
0-2: Strikes out swinging
Bottom of the 2nd over - 0 runs, 0 hits, 0 errors, 0 left on base; Cleveland 0 - New York 0
TOP OF THE 3RD
Cleveland Indians batting - Pitching for New York Mets : RHP Georgie Lang
Batting: SHB Bryce Rudzinski 0-0: Called Strike
0-1: Ball
1-1: Swinging Strike
1-2: Strikes out swinging
Batting: RHB Cory Martínez 0-0: Ball
1-0: Fly out, F9 (Flyball, 9LSF, EV 88.1 MPH)
Batting: RHB Uriel Roberts 0-0: Ball
1-0: TRIPLE (Groundball, 3L, EV 106.9 MPH)
Batting: RHB Chia-Wei Ni 0-0: Swinging Strike
0-1: Ball
1-1: Hit by Pitch
Batting: LHB Jonathan DeMarino 0-0: Ground out 4-3 (Groundball, 4, EV 82.5 MPH)
Top of the 3rd over - 0 runs, 1 hit, 0 errors, 2 left on base; Cleveland 0 - New York 0
BOTTOM OF THE 3RD
New York Mets batting - Pitching for Cleveland Indians : RHP Rick Van Hemert
Batting: LHB Enrique Reyna 0-0: Ball
1-0: Ball
2-0: Swinging Strike
2-1: Foul Ball, location: 2F
2-2: Strikes out swinging
Batting: LHB Elih Zelaya 0-0: Ball
1-0: Ball
2-0: Ball
3-0: Called Strike
3-1: Foul Ball, location: 2F
3-2: Fly out, F8 (Flyball, 8RD, EV 88.1 MPH)
Batting: RHB Jonathan Mitchell 0-0: Ball
1-0: Ball
2-0: SINGLE (Groundball, 4MD, EV 105.0 MPH)
Batting: SHB Cristopher Betancourt 0-0: Ball
1-0: Called Strike
1-1: Ball
Wild Pitch!
Jonathan Mitchell to second
2-1: SINGLE (Groundball, 56, EV 103.1 MPH)
Jonathan Mitchell to third
Runner from 3rd tries for Home, SAFE, throw by LF to home
Batting: SHB Emmanuel González 0-0: Ball
1-0: Ball
2-0: Called Strike
2-1: Called Strike
2-2: Foul Ball, location: 7LSF
2-2: Ball
3-2: Foul Ball, location: 23F
3-2: Foul Ball, location: 2F
3-2: Foul Ball, location: 7LDF
3-2: Foul Ball, location: 3FF
3-2: Fly out, F4 (Flyball, 34D, EV 96.9 MPH)
Bottom of the 3rd over - 1 run, 2 hits, 0 errors, 1 left on base; Cleveland 0 - New York 1
TOP OF THE 4TH
Cleveland Indians batting - Pitching for New York Mets : RHP Georgie Lang
Batting: LHB Harrison Waite 0-0: Ball
1-0: Ground out 4-3 (Groundball, 4M, EV 88.8 MPH)
Batting: LHB Anibal Gaines 0-0: Ball
1-0: Ball
2-0: Ball
3-0: Called Strike
3-1: Base on Balls
Batting: LHB Reuben Brellana 0-0: Called Strike
0-1: Swinging Strike
0-2: Ball
1-2: Ball
2-2: Grounds into double play, 3-6-3 (Groundball, 3, EV 112.5 MPH)
Top of the 4th over - 0 runs, 0 hits, 0 errors, 0 left on base; Cleveland 0 - New York 1
BOTTOM OF THE 4TH
New York Mets batting - Pitching for Cleveland Indians : RHP Rick Van Hemert
Batting: LHB Daryl Henderson 0-0: Ball
1-0: Ball
2-0: Called Strike
2-1: SOLO HOME RUN (Line Drive, 9D, EV 103.8 MPH), Distance : 410 ft
Batting: RHB Javin Hall 0-0: Fly out, F9 (Flyball, 9LM, EV 91.9 MPH)
Batting: RHB Jeremy Zimmerman 0-0: Fly out, F8 (Line Drive, 8LD, EV 99.4 MPH)
Batting: RHB Gael Rumley 0-0: Swinging Strike
0-1: Called Strike
0-2: Strikes out swinging
Bottom of the 4th over - 1 run, 1 hit, 0 errors, 0 left on base; Cleveland 0 - New York 2
TOP OF THE 5TH
Cleveland Indians batting - Pitching for New York Mets : RHP Georgie Lang
Batting: RHB Antony Olguin 0-0: Ball
1-0: Ball
2-0: Foul Ball, location: 2RF
2-1: Foul Ball, location: 5F
2-2: Ball
3-2: Foul Ball, location: 5F
3-2: Foul Ball, location: 23F
3-2: Foul Ball, location: 2F
3-2: SINGLE (Groundball, 34D, EV 96.3 MPH)
Batting: SHB Bryce Rudzinski 0-0: Foul Ball, location: 7LSF
0-1: Foul Ball, location: 2F
0-2: Ball
1-2: Ball
2-2: Fly out, F7 (Flyball, 78M, EV 91.3 MPH)
Batting: RHB Cory Martínez 0-0: Ball
Antony Olguin is caught stealing 2nd base 2-4
1-0: Called Strike
1-1: Ball
2-1: Swinging Strike
2-2: SINGLE (Line Drive, 56D, EV 93.8 MPH)
Batting: RHB Uriel Roberts 0-0: Ball
1-0: Foul Ball, location: 9LSF
1-1: Foul Ball, location: 5F
1-2: Ground out U3 (Groundball, 34, EV 104.4 MPH)
Top of the 5th over - 0 runs, 2 hits, 0 errors, 1 left on base; Cleveland 0 - New York 2
BOTTOM OF THE 5TH
New York Mets batting - Pitching for Cleveland Indians : RHP Rick Van Hemert
Batting: LHB Enrique Reyna 0-0: Ball
1-0: Ground out 4-3 (Groundball, 4, EV 110.0 MPH)
Batting: LHB Elih Zelaya 0-0: Foul Ball, location: 7LDF
0-1: Ground out 4-3 (Groundball, 4, EV 104.4 MPH)
Batting: RHB Jonathan Mitchell 0-0: Foul Ball, location: 9LDF
0-1: Ball
1-1: Foul Ball, location: 9LMF
1-2: Strikes out swinging
Bottom of the 5th over - 0 runs, 0 hits, 0 errors, 0 left on base; Cleveland 0 - New York 2
TOP OF THE 6TH
Cleveland Indians batting - Pitching for New York Mets : RHP Georgie Lang
Batting: RHB Chia-Wei Ni 0-0: Ball
1-0: Called Strike
1-1: Foul Ball, location: 9LSF
1-2: Ground out 6-3 (Groundball, 6, EV 93.1 MPH)
Batting: LHB Jonathan DeMarino 0-0: Called Strike
0-1: Foul Ball, location: 7LDF
0-2: Ball
1-2: Ball
2-2: Foul Ball, location: 9LMF
2-2: SOLO HOME RUN (Flyball, 89XD, EV 107.5 MPH), Distance : 409 ft
Batting: LHB Harrison Waite 0-0: Ball
1-0: Ball
2-0: Called Strike
2-1: SINGLE (Groundball, 34D, EV 87.5 MPH) (infield hit)
Batting: LHB Anibal Gaines 0-0: Ball
1-0: Ball
2-0: DOUBLE (Line Drive, 7LS, EV 95.0 MPH)
Harrison Waite to third
Batting: LHB Reuben Brellana 0-0: Ball
1-0: Foul Ball, location: 7LSF
1-1: Called Strike
1-2: Ground out 4-3 (Groundball, 4, EV 90.6 MPH)
Pitching: RHP Colton Parisi
Batting: RHB Antony Olguin 0-0: Ball
1-0: Ball
2-0: Fly out, F9 (Flyball, 9LMF, EV 75.0 MPH)
Top of the 6th over - 1 run, 3 hits, 0 errors, 2 left on base; Cleveland 1 - New York 2
BOTTOM OF THE 6TH
New York Mets batting - Pitching for Cleveland Indians : RHP Rick Van Hemert
Batting: SHB Cristopher Betancourt 0-0: Ball
1-0: Called Strike
1-1: Ball
2-1: Ball
3-1: Foul Ball, location: 2F
3-2: Base on Balls
Batting: SHB Emmanuel González 0-0: Called Strike
0-1: Ball
1-1: Ball
2-1: Ball
3-1: Grounds into double play, 6-4-3 (Groundball, 6, EV 92.5 MPH)
Batting: LHB Daryl Henderson 0-0: Ball
1-0: Called Strike
1-1: Swinging Strike
1-2: Foul Ball, location: 7LMF
1-2: Foul Ball, location: 2F
1-2: Ball
2-2: DOUBLE (Line Drive, 78D, EV 91.9 MPH)
Pitching: RHP Rafael Antonello
Batting: RHB Javin Hall 0-0: Ball
1-0: Ball
2-0: Called Strike
2-1: Ball
3-1: Ground out 4-3 (Groundball, 4, EV 105.0 MPH)
Bottom of the 6th over - 0 runs, 1 hit, 0 errors, 1 left on base; Cleveland 1 - New York 2
TOP OF THE 7TH
Cleveland Indians batting - Pitching for New York Mets : RHP Colton Parisi
Batting: SHB Bryce Rudzinski 0-0: Ball
1-0: Ball
2-0: Foul Ball, location: 2LF
2-1: Ball
3-1: Foul Ball, location: 9LMFF
3-2: Foul Ball, location: 7LMF
3-2: Fly out, F5 (Popup, 5, EV 59.4 MPH)
Pinch Hitting: LHB Thomas Pendleton 0-0: Ground out 3-1 (Groundball, 34, EV 103.1 MPH)
Batting: RHB Uriel Roberts 0-0: Ball
1-0: Called Strike
1-1: Foul Ball, location: 2F
1-2: Foul Ball, location: 5FF
1-2: Strikes out swinging
Top of the 7th over - 0 runs, 0 hits, 0 errors, 0 left on base; Cleveland 1 - New York 2
BOTTOM OF THE 7TH
New York Mets batting - Pitching for Cleveland Indians : RHP Rafael Antonello
Now at 2B: Thomas Pendleton
Now at SS: Chia-Wei Ni
Batting: RHB Jeremy Zimmerman 0-0: Called Strike
0-1: Ground out 6-3 (Groundball, 6, EV 99.4 MPH)
Batting: RHB Gael Rumley 0-0: Swinging Strike
0-1: Swinging Strike
0-2: Ball
1-2: Foul Ball, location: 5F
1-2: Foul Ball, location: 9LMF
1-2: Strikes out swinging
Batting: LHB Enrique Reyna 0-0: Ball
1-0: Ground out 4-3 (Groundball, 4, EV 104.4 MPH)
Bottom of the 7th over - 0 runs, 0 hits, 0 errors, 0 left on base; Cleveland 1 - New York 2
TOP OF THE 8TH
Cleveland Indians batting - Pitching for New York Mets : RHP Colton Parisi
Batting: RHB Chia-Wei Ni 0-0: Called Strike
0-1: Ball
1-1: Ball
2-1: Ground out 5-3 (Groundball, 5S, EV 88.1 MPH)
Batting: LHB Jonathan DeMarino 0-0: Ball
1-0: Foul Ball, location: 7LSF
1-1: Ball
2-1: Foul Ball, location: 2F
2-2: Ball
3-2: SOLO HOME RUN (Flyball, 9LD, EV 97.5 MPH), Distance : 345 ft
Batting: LHB Harrison Waite 0-0: Ball
1-0: Ball
2-0: Ball
3-0: Base on Balls
Batting: LHB Anibal Gaines 0-0: Called Strike
0-1: Swinging Strike
0-2: Foul Ball, location: 9LSFF
0-2: Foul Ball, location: 2F
0-2: Foul Ball, location: 9LMF
0-2: Ball
1-2: Strikes out swinging
Batting: LHB Reuben Brellana 0-0: Ball
1-0: Foul Ball, location: 7LMF
1-1: Called Strike
1-2: Strikes out looking
Top of the 8th over - 1 run, 1 hit, 0 errors, 1 left on base; Cleveland 2 - New York 2
BOTTOM OF THE 8TH
New York Mets batting - Pitching for Cleveland Indians : RHP Rafael Antonello
Batting: LHB Elih Zelaya 0-0: Ball
1-0: Ground out U3 (Groundball, 3, EV 85.6 MPH)
Batting: RHB Jonathan Mitchell 0-0: Ball
1-0: Ball
2-0: Called Strike
2-1: Ball
3-1: Called Strike
3-2: Strikes out swinging
Batting: SHB Cristopher Betancourt 0-0: Ball
1-0: Called Strike
1-1: Foul Ball, location: 3DF
1-2: Ball
2-2: Fly out, F8 (Flyball, 78S, EV 90.0 MPH)
Bottom of the 8th over - 0 runs, 0 hits, 0 errors, 0 left on base; Cleveland 2 - New York 2
TOP OF THE 9TH
Cleveland Indians batting - Pitching for New York Mets : RHP Colton Parisi
Batting: RHB Antony Olguin 0-0: Called Strike
0-1: Foul Ball, location: 9LMF
0-2: Ball
1-2: Ball
2-2: Ground out 5-3 (Groundball, 56S, EV 64.4 MPH)
Pinch Hitting: RHB Franklin Bailey 0-0: Ball
1-0: Called Strike
1-1: Called Strike
1-2: Ball
2-2: Foul Ball, location: 5SF
2-2: Foul Ball, location: 9LDF
2-2: Ball
3-2: Fly out, F7 (Flyball, 78M, EV 87.5 MPH)
Pitching: RHP Denmark Cowell
Batting: LHB Thomas Pendleton 0-0: Foul Ball, location: 7LMF
0-1: Ball
1-1: Ball
2-1: Called Strike
2-2: Ground out 3-1 (Groundball, 34, EV 105.6 MPH)
Top of the 9th over - 0 runs, 0 hits, 0 errors, 0 left on base; Cleveland 2 - New York 2
BOTTOM OF THE 9TH
New York Mets batting - Pitching for Cleveland Indians : RHP Rafael Antonello
Now at C: Paquito Peña
Batting: SHB Emmanuel González 0-0: Ball
1-0: Foul Ball, location: 5FF
1-1: Fly out, F9 (Flyball, 9, EV 84.4 MPH)
Batting: LHB Daryl Henderson 0-0: Ball
1-0: Ball
2-0: Swinging Strike
2-1: Ground out 4-3 (Groundball, 4, EV 75.6 MPH)
Batting: RHB Javin Hall 0-0: Ball
1-0: Called Strike
1-1: Ball
2-1: Ground out 5-3 (Groundball, 56, EV 79.4 MPH)
Bottom of the 9th over - 0 runs, 0 hits, 0 errors, 0 left on base; Cleveland 2 - New York 2
TOP OF THE 10TH
Cleveland Indians batting - Pitching for New York Mets : RHP Denmark Cowell
Batting: RHB Uriel Roberts 0-0: Swinging Strike
0-1: Called Strike
0-2: SINGLE (Line Drive, 7LS, EV 96.9 MPH)
Batting: RHB Chia-Wei Ni 0-0: Called Strike
0-1: Ball
1-1: SINGLE (Groundball, 6MD, EV 103.8 MPH)
Uriel Roberts to second
Runner from 2nd tries for 3rd, SAFE, throw by CF made to third
Batting: LHB Jonathan DeMarino 0-0: Ball
1-0: SINGLE (Flyball, 4D, EV 87.5 MPH)
Uriel Roberts scores
Chia-Wei Ni to second
Batting: LHB Harrison Waite 0-0: Foul Ball, location: 7LSF
0-1: Swinging Strike
0-2: Fly out, F9 (Flyball, 9LD, EV 103.1 MPH)
Runner from 2nd tags up, SAFE at 3rd, no throw by RF
Batting: LHB Anibal Gaines 0-0: Ball
1-0: Foul Ball, location: 2F
1-1: Ball
2-1: Swinging Strike
2-2: Strikes out swinging
Batting: LHB Reuben Brellana 0-0: Ball
1-0: Ball
2-0: Foul Ball, location: 2F
2-1: Ground out U3 (Groundball, 3, EV 86.9 MPH)
Top of the 10th over - 1 run, 3 hits, 0 errors, 2 left on base; Cleveland 3 - New York 2
BOTTOM OF THE 10TH
New York Mets batting - Pitching for Cleveland Indians : RHP Rafael Antonello
Pitching: RHP Sebastian Sienkiewicz
Pinch Hitting: LHB Gonzalo Morzaroti 0-0: Ball
1-0: Called Strike
1-1: Swinging Strike
1-2: DOUBLE (Flyball, 89XD, EV 106.3 MPH)
Batting: RHB Gael Rumley 0-0: Reached on error, E1 (Groundball, 15S, EV 62.5 MPH)
Gonzalo Morzaroti to third
Batting: LHB Enrique Reyna 0-0: Called Strike
0-1: Ball
1-1: Called Strike
1-2: Ball
2-2: Strikes out swinging
Batting: LHB Elih Zelaya 0-0: Intentional Walk
Batting: RHB Jonathan Mitchell 0-0: Swinging Strike
0-1: Ball
1-1: Ball
2-1: Foul Ball, location: 9LSF
2-2: Ball
3-2: Strikes out swinging
Batting: SHB Cristopher Betancourt 0-0: Foul Ball, location: 2F
0-1: Called Strike
0-2: Foul Ball, location: 5F
0-2: Ball
1-2: Strikes out swinging
Bottom of the 10th over - 0 runs, 1 hit, 1 error, 3 left on base; Cleveland 3 - New York 2
Wednesday, March 27th , 2024 - OOTP Baseball 24.11 Build 85